 Dungeon Crawl Stone Soup version 0.24.0-2-g5b39cebb1c (console) character file.

Game seed: 15955241269874865821, levelgen mode: deterministic

210 AlterAsc the Gusty (level 5, -2/28 HPs)
             Began as a Tengu Air Elementalist on Oct 31, 2019.
             Slain by a river rat (8 damage)
             ... summoned by Eustachio
             ... on level 4 of the Dungeon.
             The game lasted 00:14:23 (3557 turns).

AlterAsc the Gusty (Tengu Air Elementalist)         Turns: 3557, Time: 00:14:23

Health: -2/28      AC:  3    Str:  9    XL:     5   Next: 87%
Magic:  3/11       EV: 15    Int: 16    God:
Gold:   146        SH:  0    Dex: 14    Spells: 9/10 levels left

rFire    . . .     SeeInvis .   i - +3 falchion (elec)
rCold    . . .     Gourm    .   (no shield)
rNeg     . . .     Faith    .   j - +0 robe (curse)
rPois    .         Spirit   .   (helmet restricted)
rElec    .         Reflect  .   (no cloak)
rCorr    .         Harm     .   p - +0 pair of gloves
MR       .....                  (boots unavailable)
Stlth    ++........             (no amulet)
HPRegen  0.09/turn              (no ring)
MPRegen  0.12/turn              (no ring)

@: flying quickly and evasively, quick
A: beak, talons 3, able to fly
a: Stop Flying


You were on level 4 of the Dungeon.
You were very hungry.

You visited 1 branch of the dungeon, and saw 5 of its levels.

You collected 146 gold pieces.

Inventory:

Hand Weapons
 e - a +2 mace of protection
 i - a +3 falchion of electrocution (weapon)
Armour
 a - a +0 robe
 j - a cursed +0 robe (worn)
 o - a +1 scale mail of fire resistance
 p - a +0 pair of gloves (worn)
Wands
 m - a wand of polymorph (11)
Scrolls
 b - a scroll of teleportation {unknown}
 d - 3 scrolls of identify
 f - a scroll of fog {unknown}
 h - a scroll of enchant weapon {unknown}
 k - a scroll of random uselessness {unknown}
 l - 2 scrolls of remove curse
Potions
 g - 3 potions of curing
 n - a potion of brilliance {unknown}
Comestibles
 c - 11 rations


   Skills:
 - Level 2.3 Dodging
 - Level 2.1 Stealth
 + Level 3.4 Spellcasting
 + Level 4.2 Conjurations
 + Level 5.7 Air Magic


You had 9 spell levels left.
You knew the following spells:

 Your Spells              Type           Power        Failure   Level  Hunger
a - Shock                 Conj/Air       ###.         2%          1    None

Your spell library contained the following spells:

 Spells                   Type           Power        Failure   Level  Hunger
 Static Discharge         Conj/Air       ###.....     7%          3    ###....
 Swiftness                Chrm/Air       ##......     9%          2    ##.....
 Airstrike                Air            ###.......   17%         4    ####...
 Lightning Bolt           Conj/Air       ###.......   54%         5    ######.


Dungeon Overview and Level Annotations

Branches:
Dungeon (5/15)
 Temple: D:4-7

Altars:
Elyvilon
Fedhas
Okawaru
Ru
Sif Muna
Trog
Wu Jian

Annotations:
D:3 3 exclusions, Sigmund
D:4 Eustachio
D:5 Grinder


Innate Abilities, Weirdness & Mutations

You have a beak for a mouth.
You have claws for feet.
You can fly continuously.


Message History

The river rat is lightly wounded.
The quasit disappears in a puff of smoke!
The ufetubus barely misses you.
The ufetubus hits you but does no damage.
The river rat closely misses you.
You closely miss the river rat. Your kick misses the river rat.
You peck the river rat.
The river rat is moderately wounded.
You are feeling very hungry.
The ufetubus barely misses you.
You riposte.
You hit the ufetubus.
You kill the ufetubus!
The river rat barely misses you.
You closely miss the river rat. You peck the river rat.
The river rat is severely wounded.
The river rat bites you. x2
* * * LOW HITPOINT WARNING * * *
You barely miss the river rat.
The river rat is severely wounded.
The river rat bites you!
You die...

#...# ###.########
# #........#
###..#####.#
.....#...#.###
.............######
..............5†.>#
##.#.#######.####.#
#.#..........@r@.#
..##########.##..#
#### #.##..#
#.<#..########
#..#.........#
##.#..######.#
#.#.........#
#.##.#####..#
#........#..#


You could see Eustachio and a river rat.

Vanquished Creatures
  2 hounds (D:4)
  Ijyb (D:3)
  Terence (D:2)
  2 adders (D:3)
  An ooze (D:1)
  An adder skeleton (D:4)
  A worm (D:4)
  A leopard gecko (D:1)
  2 orcs (D:3)
  6 giant cockroaches
  9 goblins
  5 hobgoblins
  8 jackals
  3 kobolds (D:1)
  A ball python (D:2)
  5 bats
  2 frilled lizards
  A leopard gecko skeleton (D:3)
  15 rats
67 creatures vanquished.

Notes
Turn   | Place    | Note
-------+----------+-------------------------------------------
     0 | D:1      | AlterAsc the Tengu Air Elementalist began the quest for the
                  | Orb.
     0 | D:1      | Reached XP level 1. HP: 10/10 MP: 4/4
    20 | D:1      | Reached XP level 2. HP: 11/15 MP: 0/6
  1109 | D:1      | Noticed a big kobold
  1109 | D:1      | Noticed a big kobold
  1109 | D:1      | Noticed a big kobold
  1109 | D:1      | Noticed a big kobold
  1276 | D:2      | Reached XP level 3. HP: 16/19 MP: 1/7
  1395 | D:2      | Noticed Terence
  1407 | D:2      | Killed Terence
  1609 | D:2      | Reached XP level 4. HP: 24/24 MP: 5/8
  1803 | D:2      | Found a blossoming altar of Fedhas.
  1806 | D:2      | Found an iron altar of Okawaru.
  1955 | D:2      | Found a white marble altar of Elyvilon.
  2309 | D:3      | Noticed Sigmund
  2393 | D:3      | Found a bloodstained altar of Trog.
  2393 | D:3      | Found a sacrificial altar of Ru.
  2413 | D:3      | Reached skill level 5 in Air Magic
  2591 | D:3      | Found an ornate altar of the Wu Jian Council.
  2599 | D:3      | Noticed Ijyb
  2612 | D:3      | Killed Ijyb
  2866 | D:3      | Gained mutation: You can fly continuously. [Tengu growth]
  2866 | D:3      | Reached XP level 5. HP: 28/28 MP: 7/10
  3397 | D:4      | Found a shimmering blue altar of Sif Muna.
  3431 | D:5      | Entered Level 5 of the Dungeon
  3431 | D:5      | Noticed Grinder
  3516 | D:4      | Noticed Eustachio
  3557 | D:4      | Slain by a river rat

Levels and vault maps discovered:
D:1:      erik_arrival_cave_to_civilisation [erik_arrival_cave_to_temple],
          layout_basic, minmay_strange_pillars, chequers_serial_rivers_small_b
D:2:      layout_basic, lemuel_doored_altar, minitemple,
          minmay_rat_gold_closets, uniq_terence
D:3:      wad_lake_hut, layout_basic, nicolae_overflow_hidden_temple,
          chequers_temple_overflow_statue_of_worship, uniq_sigmund, uniq_ijyb
D:4:      layout_basic, lemuel_round_altar, temple_doors_cd, uniq_eustachio
D:5:      layout_cave_pods, grunt_temple_overflow_gold_and_silver, first_ration,
          uniq_grinder

Skill      XL: |  1  2  3  4  5 |
---------------+----------------+-----
Conjurations   | 2 3 4 |  4.2
Air Magic      | 5 |  5.7
Spellcasting   | 3 |  3.4
Dodging        | |  2.3
Stealth        | |  2.1

Action                   |  1- 3 |  4- 6 || total
-------------------------+-------+-------++-------
Melee: Unarmed           |     3 |       ||     3
       Kick              |     2 |     6 ||     8
       Mace              |     9 |       ||     9
       Peck              |     4 |     5 ||     9
       Falchion          |       |    15 ||    15
 Cast: Shock             |    50 |    91 ||   141
 Abil: Fly               |       |     1 ||     1
  Use: Scroll            |       |     1 ||     1
  Eat: Chunk             |     3 |     5 ||     8
Armor: Robe              |     3 |    10 ||    13
Dodge: Dodged            |    23 |    45 ||    68
       Rpst.: Falchion   |       |    11 ||    11
